 Dungeon Crawl Stone Soup version 0.28-a0-938-gbc3f381ebc (webtiles) character file.

Game seed: 13796966934563171523

10128 Decritt the Cleaver (level 11, -1/99 HPs)
             Began as a Minotaur Fighter on Nov 28, 2021.
             Was an Initiate of Gozag.
             Slain by a black mamba (9 damage)
             ... summoned by a glowing orange brain
             ... in a Gauntlet.
             The game lasted 00:30:11 (12729 turns).

Decritt the Cleaver (Minotaur Fighter)             Turns: 12729, Time: 00:30:12

Health: -1/99      AC: 23    Str: 21    XL:     11   Next: 32%
Magic:  10/10      EV:  6    Int:  5    God:    Gozag
Gold:   2169       SH: 21    Dex: 13    Spells: 10/10 levels left

rFire   + . .      SeeInvis .   E - +5 spear (vorpal)
rCold   . . .      Faith    .   A - +1 tower shield
rNeg    . . .      Spirit   .   t - +0 plate armour
rPois   .          Reflect  +   (helmet restricted)
rElec   .          Harm     .   B - +1 cloak
rCorr   .          Rampage  .   m - +1 pair of gloves
Will    .....      NoTele   +   (no boots)
Stlth   ..........              q - amulet of reflection
HPRegen 0.26/turn               z - +4 ring of protection
MPRegen 0.12/turn               y - ring of protection from fire

@: mighty, afraid, gold aura
A: horns 2, retaliatory headbutt
a: Renounce Religion, Potion Petition, Call Merchant, Bribe Branch


You were in a Gauntlet.
You worshipped Gozag.
Gozag was most pleased with you.
You visited 2 branches of the dungeon, and saw 12 of its levels.
You also visited: Gauntlet.

You collected 2225 gold pieces.
You paid 56 gold pieces to Gozag.

Inventory:

Hand Weapons
 k - the +5 rapier "Orghywn" {protect, rN+ rCorr MP-9}
   (You found it on level 5 of the Dungeon)

   It grants its wielder temporary protection when it strikes (+7 to AC).
   rN:        It protects you from negative energy.
   MP:        It affects your magic capacity (-9).
   rCorr:     It protects you from acid and corrosion.
 E - a +5 vorpal spear (weapon)
 F - a +0 war axe
Armour
 m - a +1 pair of gloves (worn)
 t - a +0 plate armour (worn)
 A - a +1 tower shield (worn)
 B - a +1 cloak (worn)
Jewellery
 a - a ring of positive energy
 q - an amulet of reflection (around neck)
 s - a ring of resist corrosion
 y - a ring of protection from fire (right hand)
 z - a +4 ring of protection (left hand)
Wands
 C - a wand of flame (37)
Scrolls
 h - 3 scrolls of vulnerability
 j - a scroll of blinking
 l - a scroll of summoning {unknown}
 o - 2 scrolls of teleportation
 v - a scroll of fog {unknown}
 D - a scroll of immolation
 I - a scroll of enchant armour
 J - a scroll of brand weapon {unknown}
Potions
 b - 2 potions of might
 f - 2 potions of curing
 g - a potion of haste
 i - 2 potions of lignification
 u - 2 potions of mutation
 w - a potion of invisibility
 x - a potion of attraction
 H - a potion of magic


   Skills:
 + Level 10.1 Fighting
 + Level 12.0 Axes
 + Level 10.1 Armour
 + Level 8.2 Dodging
 + Level 8.7 Shields


You had 10 spell levels left.
You didn't know any spells.
Your spell library contained the following spells:

 Spells                   Type           Power      Damage    Failure   Level
 Sandblast                Erth           0%         2d4       100%        1
 Sting                    Tmut/Pois      0%         1d3       100%        1
 Passwall                 Tmut/Erth      0%         N/A       100%        2
 Poisonous Vapours        Pois/Air       0%         N/A       100%        2
 Dazzling Flash           Conj/Hex       0%         N/A       100%        3
 Stone Arrow              Conj/Erth      0%         3d7       100%        3
 Olgreb's Toxic Radiance  Pois           0%         N/A       100%        4
 Agony                    Necr           0%         N/A       100%        5
 Silence                  Hex/Air        0%         N/A       100%        5


Dungeon Overview and Level Annotations

Branches:
Dungeon (11/15)            Temple (1/1) D:6            Lair (0/6) D:8
    Orc (0/2) D:10        Gauntlet (1/1)

Altars:
Ashenzari
Cheibriados
Dithmenos
Elyvilon
Fedhas
Gozag
Hepliaklqana
Kikubaaqudgha
Makhleb
Nemelex Xobeh
Okawaru
Qazlal
Ru
Sif Muna
Trog
Uskayaw
Vehumet
Wu Jian
Xom
Yredelemnul
Zin
The Shining One

Shops:
D:4 !

Annotations:
D:5 2 runed translucent doors, bgiannan's ghost, novice MiFi
D:8 2 transporters, generaletaddeo's ghost, novice DrCK
D:10 3 runed translucent doors, dricus's ghost, novice DgAE Gauntlet 11 transporters


Innate Abilities, Weirdness & Mutations

You have a pair of horns on your head.
You reflexively headbutt those who attack you in melee.


Message History

You closely miss the cyan ugly thing. The black mamba bites you.
* * * LOW HITPOINT WARNING * * *
You are lethally poisoned!
The black mamba poisons you! You block the cyan ugly thing's attack.
You block the jelly's attack. The black mamba barely misses you.
You feel better.
The black mamba bites you but does no damage.
You block the cyan ugly thing's attack. You block the jelly's attack.
The black mamba completely misses you.
You puncture the cyan ugly thing!
The cyan ugly thing is lightly wounded.
The black mamba bites you but does no damage.
You block the cyan ugly thing's attack. You block the jelly's attack.
You closely miss the cyan ugly thing. You headbutt the cyan ugly thing.
The cyan ugly thing is lightly wounded.
The black mamba bites you but does no damage.
The black mamba closely misses you. The cyan ugly thing pecks you.
* * * LOW HITPOINT WARNING * * *
The cyan ugly thing shocks you!
* * * LOW HITPOINT WARNING * * *
You block the jelly's attack.
You feel better. You block the black mamba's attack.
The cyan ugly thing pecks you but does no damage.
You block the black mamba's attack. The jelly hits you but does no damage.
You puncture the cyan ugly thing! You headbutt the cyan ugly thing.
The cyan ugly thing is heavily wounded.
You block the black mamba's attack.
The cyan ugly thing pecks you but does no damage.
You block the jelly's attack. You block the black mamba's attack.
The neqoxec gestures at you.
Something tries to feed on your intellect!
You puncture the cyan ugly thing! You headbutt the cyan ugly thing!
The cyan ugly thing is almost dead.
You block the black mamba's attack. The cyan ugly thing barely misses you.
You block the jelly's attack. You block the black mamba's attack.
You closely miss the cyan ugly thing. You headbutt the cyan ugly thing!
You kill the cyan ugly thing!
The black mamba bites you!
You die...
Your body crumbles into a pile of gold.

§#≈#≈#≈#≈################
..........#§#≈#≈#≈#§#≈#≈##
...8......§§§.....§.....≈#
..........8.....8.....8.##
#########...............≈#
^.^.^.bh#...#########...##
......tb#...#.......#...≈#
.#..^#.b######4G##..#...##
....^.^.#...###J@##.#...≈#
...©^...#©8©#©##S$###©8.##
....P...#...#.[##33##...≈#
.#^..#..#####)).##..#...##
.^......#...#.......#...≈#
^.......#...#########...##
#########...............≈#
..........8.....8.....8.##
...8.....................##


You could see a glowing orange brain (scary), an ice devil (summoned), a black
mamba (summoned), a smoke demon (summoned), a neqoxec (summoned) and a jelly
(summoned).

Vanquished Creatures
  Erolcha (D:8)
  2 two-headed ogres
  Pikel (D:8)
  2 ugly things (Gauntlet)
  Maggie (D:8)
  2 trolls
  A vampire (D:9)
  3 wyverns
  12 yaks
  Eustachio (D:8)
  3 vampire mosquitoes (D:11)
  3 water moccasins
  9 orc warriors
  3 ice beasts
  A sky beast (D:6)
  A black bear (D:5)
  A swamp drake (D:10)
  3 ogres
  2 necrophages
  4 lemures
  3 kobold brigands
  Blork the orc (D:8)
  5 bullfrogs
  2 gnoll sergeants
  2 scorpions
  A wight (D:8)
  2 centaur zombies
  4 orc priests
  3 jellies
  Crazy Yiuf (D:6)
  2 gnoll shamans
  4 hounds
  3 iguanas
  6 orc wizards
  A scorpion zombie (D:5)
  3 killer bee zombies
  15 gnolls
  5 adders
  A shadow imp (D:8)
  A white imp (D:6)
  An ufetubus (D:7)
  A dart slug (D:4)
  34 orcs
  11 bats
  6 endoplasms
  5 giant cockroaches
  7 goblins
  2 hobgoblins (D:1)
  15 kobolds
  3 quokkas
  4 ball pythons
  11 frilled lizards
  6 rats
227 creatures vanquished.

Vanquished Creatures (others)
  12 fungi
  35 plants
47 creatures vanquished.

Grand Total: 274 creatures vanquished

Notes
Turn   | Place    | Note
-------+----------+-------------------------------------------
     0 | D:1      | Decritt the Minotaur Fighter began the quest for the Orb.
     0 | D:1      | Reached XP level 1. HP: 19/19 MP: 0/0
   226 | D:1      | Reached XP level 2. HP: 27/27 MP: 1/1
  1250 | D:2      | Reached skill level 3 in Axes
  1250 | D:2      | Reached XP level 3. HP: 33/33 MP: 2/2
  1344 | D:2      | Found a faded altar of an unknown god.
  2000 | D:3      | Reached XP level 4. HP: 41/41 MP: 3/3
  2448 | D:4      | Found Femu's Distillery.
  2483 | D:4      | Noticed a scorpion
  2493 | D:4      | Killed a scorpion
  2494 | D:4      | Reached skill level 4 in Axes
  2494 | D:4      | Reached skill level 1 in Dodging
  2494 | D:4      | Reached XP level 5. HP: 26/47 MP: 4/4
  2667 | D:5      | Entered Level 5 of the Dungeon
  2673 | D:5      | Noticed a black bear
  2698 | D:5      | Killed a black bear
  2754 | D:5      | Noticed a necrophage
  2845 | D:4      | Noticed a necrophage
  2863 | D:4      | Killed a necrophage
  2864 | D:4      | Reached skill level 5 in Fighting
  2864 | D:4      | Reached skill level 5 in Axes
  2864 | D:4      | Reached skill level 5 in Armour
  2864 | D:4      | Reached XP level 6. HP: 56/56 MP: 5/5
  2977 | D:4      | Found a bloodstained altar of Trog.
  3569 | D:5      | Noticed an orc warrior
  3601 | D:5      | Killed an orc warrior
  3602 | D:5      | Reached XP level 7. HP: 20/62 MP: 6/6
  3984 | D:5      | Reached skill level 6 in Axes
  4219 | D:5      | Found a large runed translucent door.
  4219 | D:5      | Found a large runed translucent door.
  4223 | D:5      | Noticed bgiannan's ghost (novice MiFi)
  4336 | D:5      | Identified the +5 rapier "Orghywn" {protect, rN+ rCorr
                  | MP-9}
  4744 | D:6      | Found a staircase to the Ecumenical Temple.
  4755 | D:6      | Reached skill level 7 in Axes
  4762 | D:6      | Reached XP level 8. HP: 65/71 MP: 0/7
  4766 | Temple   | Entered the Ecumenical Temple
  5025 | Temple   | Became a worshipper of Gozag Ym Sagoz the Greedy
  5300 | D:6      | Reached skill level 8 in Axes
  5906 | D:6      | Found a runed translucent door.
  5907 | D:6      | Noticed Crazy Yiuf
  6009 | D:6      | Killed Crazy Yiuf
  6468 | D:7      | Reached skill level 5 in Dodging
  6468 | D:7      | Reached skill level 5 in Shields
  6468 | D:7      | Reached XP level 9. HP: 59/79 MP: 8/8
  6475 | D:7      | Reached skill level 9 in Axes
  7160 | D:8      | Noticed Pikel
  7498 | D:8      | Killed Pikel
  7817 | D:8      | Noticed Blork the orc
  7855 | D:8      | Killed Blork the orc
  7948 | D:8      | Reached skill level 10 in Axes
  8008 | D:8      | Noticed Eustachio
  8093 | D:8      | Killed Eustachio
  8194 | D:8      | Reached XP level 10. HP: 58/90 MP: 9/9
  8628 | D:8      | Found a transporter.
  8628 | D:8      | Noticed generaletaddeo's ghost (novice DrCK)
  8634 | D:8      | Found a transporter.
  8637 | D:8      | Identified the +8 dire flail "Vihev" {elec, *Noise +Blink
                  | Fly rF++}
  8778 | D:8      | Noticed Maggie
  8805 | D:8      | Killed Maggie
  8822 | D:8      | Reached skill level 11 in Axes
  8988 | D:8      | Found a staircase to the Lair.
  9456 | D:9      | Noticed Erolcha
  9456 | D:9      | Noticed a two-headed ogre
  9468 | D:8      | Killed Erolcha
  9494 | D:8      | Killed a two-headed ogre
 10499 | D:10     | Entered Level 10 of the Dungeon
 10950 | D:9      | Reached XP level 11. HP: 83/99 MP: 10/10
 11231 | D:10     | Found a runed translucent gate.
 11231 | D:10     | Found a runed translucent gate.
 11232 | D:10     | Found a runed translucent gate.
 11233 | D:10     | Noticed dricus's ghost (novice DgAE)
 11233 | D:10     | Noticed a ten-headed hydra
 11559 | D:10     | Found a staircase to the Orcish Mines.
 11771 | D:10     | Noticed a two-headed ogre
 11778 | D:10     | Killed a two-headed ogre
 11779 | D:10     | Reached skill level 10 in Fighting
 12423 | D:11     | Acquired 682 gold pieces
 12439 | D:11     | Reached skill level 10 in Armour
 12449 | D:11     | Reached skill level 12 in Axes
 12487 | D:11     | Found a gate leading to a gauntlet.
 12492 | Gauntlet | Entered a Gauntlet
 12492 | Gauntlet | Found a transporter.
 12495 | Gauntlet | Found a transporter.
 12498 | Gauntlet | Found a transporter.
 12498 | Gauntlet | Noticed a catoblepas
 12501 | Gauntlet | Found a transporter.
 12502 | Gauntlet | Found a transporter.
 12511 | Gauntlet | Noticed a great orb of eyes
 12512 | Gauntlet | Found a transporter.
 12515 | Gauntlet | Noticed a brown ugly thing
 12517 | Gauntlet | Found a transporter.
 12517 | Gauntlet | Noticed a red ugly thing
 12576 | Gauntlet | Noticed a purple ugly thing
 12579 | Gauntlet | Found a transporter.
 12580 | Gauntlet | Noticed a glowing orange brain
 12581 | Gauntlet | Found a transporter.
 12581 | Gauntlet | Noticed a glowing orange brain
 12581 | Gauntlet | Noticed a red ugly thing
 12582 | Gauntlet | Found a transporter.
 12585 | Gauntlet | Found a transporter.
 12590 | Gauntlet | Noticed a fire crab
 12622 | Gauntlet | Found a transporter.
 12715 | Gauntlet | Killed a red ugly thing
 12725 | Gauntlet | HP: 2/99 [cyan ugly thing (14)]
 12729 | Gauntlet | Killed a cyan ugly thing
 12729 | Gauntlet | Slain by a black mamba

Illustrated notes

Levels and vault maps discovered:
D:1:      dpeg_arrival_round_c, layout_basic, st_stairs_7
D:2:      layout_basic, dreamdust_ecumenical_altar_statues, minivault_24
D:3:      layout_loops_corners
D:4:      layout_rooms, lemuel_tele_altar, serial_shops, shop,
          minmay_lizard_king
D:5:      layout_loops_corners, ebering_ghost_disaster_area
D:6:      layout_basic, minmay_temple_entry_large_hall, minivault_11,
          kennysheep_small_circle, uniq_crazy_yiuf_cottage
D:7:      layout_loops_ring
D:8:      layout_cave_pods, grunt_lair_entry_orc_guard_hut,
          gammafunk_ghost_smash, roderic_batcave, sword_in_stone, uniq_maggie,
          uniq_pikel
D:9:      layout_cave_pools, uniq_erolcha
D:10:     layout_loops_ring, erik_orc_1, gammafunk_ghost_hydra_chop,
          kennysheep_path_1, chequers_serial_rivers_micro_c
D:11:     layout_gridville, gauntlet_entry_generic, minivault_14,
          corexii_corridor_pit, grunt_qazlal_sundering, uniq_fannar
Temple:   mainiacjoe_temple_archimedes_tessellation
Gauntlet: minmay_gauntlet_mixed_oops_all_seconds
          [minmay_gauntlet_arena_77_double_cross,
          gammafunk_gauntlet_arena_spirals, minmay_gauntlet_arena_77_two_lines,
          gammafunk_gauntlet_arena_split_x,
          minmay_gauntlet_arena_77_chump_sandwich,
          gammafunk_gauntlet_arena_hedges, gauntlet_exit_green]

Skill      XL: |  1  2  3  4  5  6  7  8  9 10 11 |
---------------+----------------------------------+-----
Fighting       | 4 5 6 7 8 9 10 | 10.1
Armour         | 4 5 6 7 8 9 10 | 10.1
Shields        | 4 5 6 8 |  8.7
Axes           | 3 4 5 7 8 10 11 12 | 12.0
Dodging        | 1 2 3 5 6 7 8 |  8.2

Action                   |  1- 3 |  4- 6 |  7- 9 | 10-12 || total
-------------------------+-------+-------+-------+-------++-------
Melee: War axe           |    75 |    88 |    22 |       ||   185
       Headbutt          |     4 |    16 |    68 |    68 ||   156
       Rapier            |       |       |    87 |       ||    87
       Spear             |       |       |   250 |   349 ||   599
       Unarmed           |       |       |     3 |       ||     3
Throw: Boomerang         |       |       |     6 |    47 ||    53
  Use: Potion            |       |     2 |       |     4 ||     6
       Scroll            |       |       |     3 |    14 ||    17
 Stab: Distracted        |       |       |     1 |     1 ||     2
Armor: Scale mail        |    10 |       |       |       ||    10
       Chain mail        |    27 |    13 |       |       ||    40
       Plate armour      |       |    33 |   147 |   176 ||   356
Dodge: Dodged            |    31 |    36 |    52 |    52 ||   171
Block: Buckler           |    18 |    46 |    36 |       ||   100
       Reflection        |       |     2 |     3 |    10 ||    15
       Tower shield      |       |       |   243 |   385 ||   628

Table legend: (Time is in decaauts)
 A = Elapsed time spent in this place.
 B = Non-inter-level travel time spent in this place.
 C = Inter-level travel time spent in this place.
 D = Time resting spent in this place.
 E = Time spent auto-exploring this place.
 F = Levels seen in this place.
 G = Mean time per level.
                   A        B        C        D        E       F      G
               +--------+--------+--------+--------+--------+-----+--------+
         Total |  12925 |  12587 |    338 |   2791 |   7140 |  13 |  994.2 |
       Dungeon |  12400 |  12089 |    311 |   2791 |   6912 |  11 | 1127.3 |
        Temple |    287 |    260 |     27 |      0 |    228 |   1 |  287.0 |
      Gauntlet |    237 |    237 |      0 |      0 |      0 |   1 |  237.0 |
               +--------+--------+--------+--------+--------+-----+--------+

Top non-repeatable levels by time:
     D:8: 2737 daAuts
     D:5: 1385 daAuts
     D:7: 1378 daAuts
     D:6: 1321 daAuts
    D:10: 1262 daAuts
     D:9: 1091 daAuts
     D:1: 878 daAuts
     D:2: 849 daAuts
     D:3: 747 daAuts
     D:4: 655 daAuts
  Temple: 287 daAuts
Gauntlet: 237 daAuts
    D:11: 92 daAuts
